Map: Divergencia EE

Players

Drone

  • Race: Terran Terran
  • League: Silver
  • Spawn Location: 5:00

quasar

  • Race: Protoss Protoss
  • League: Silver
  • Spawn Location: 5:00

MrFercho

  • Race: Zerg Zerg
  • League: Silver
  • Spawn Location: 11:00

tigro

  • Race: Terran Terran
  • League: Bronze
  • Spawn Location: 11:00

VOD

Have the link to the VOD?

Description

Time

  • Played on: July 13, 2020, 8:50 p.m.
  • Length: 16:48
Show
View Real Time Build Order
Export as new Build Order

Drone Terran 

Build Orders: 2 Factory 

Get SALT Encoding   

  12  0:02  SCV  
  13  0:19  Supply Depot  
  13  0:20  SCV  
  14  0:32  SCV, Refinery  
  15  0:44  Barracks  
  15  0:47  SCV  
  16  0:59  SCV  
  17  1:11  SCV  
  18  1:23  SCV  
  18  1:25  Refinery  
  19  1:33  Supply Depot  
  19  1:34  Marine  
  19  1:35  SCV  
  21  1:47  SCV  
  21  1:52  Marine  
  21  1:53  Factory  
  23  1:59  SCV  
  24  2:09  Marine  
  24  2:11  SCV  
  26  2:16  Factory  
  26  2:23  SCV  
  27  2:34  Marine  
  27  2:35  SCV  
  29  2:41  Factory Tech Lab  
  29  2:56  Command Center  
  29  2:57  Marine  
  30  3:09  Factory Reactor  
  30  3:11  Refinery  
  30  3:21  Supply Depot  
  30  3:25  Orbital Command  
  30  3:43  Siege Tank  
  30  3:44  Supply Depot  
  33  4:00  Hellion x2  
  34  4:18  Marine  
  34  4:21  Siege Tank  
  38  4:32  Hellion  
  38  4:33  Hellion  
  38  4:36  Marine  
  38  4:38  Supply Depot  
  43  4:47  Starport  
  43  4:53  SCV  
  44  5:00  Supply Depot  
  44  5:05  SCV  
  41  5:16  Hellion x2  
  41  5:17  SCV  
  46  5:34  Siege Tank  
  49  5:37  Starport Tech Lab  
  49  5:42  Starport  
  49  5:49  SCV  
  50  6:01  SCV  
  51  6:13  SCV  
  52  6:25  SCV  
  47  6:38  SCV  
  47  6:39  Marine  
  47  6:57  Marine  
  48  7:07  SCV  
  49  7:13  Refinery  
  49  7:15  Marine  
  50  7:18  Cloaking Field, Starport Tech Lab  
  50  7:19  SCV  
  51  7:30  Starport  
  51  7:31  SCV  
  51  7:32  Hellion x2  
  51  7:33  Marine, Siege Tank  
  60  7:43  SCV  
  61  7:51  Marine  
  62  7:53  Hellion x2, Banshee  
  69  8:03  Hyperflight Rotors  
  69  8:06  Starport, Siege Tank  
  69  8:08  Marine  
  73  8:14  Hellion  
  75  8:36  Banshee  
  75  8:37  Barracks Tech Lab  
  78  8:43  SCV  
  78  8:44  Cyclone  
  74  8:49  Starport Tech Lab  
  74  8:50  Starport Tech Lab  
  74  8:54  Armory  
  74  8:55  SCV  
  75  8:59  Supply Depot  
  75  9:07  SCV  
  75  9:09  Marauder  
  78  9:12  Combat Shield  
  78  9:21  Hellion x2, Cyclone  
  78  9:22  Supply Depot  
  85  9:32  Marauder  
  85  9:43  Hellion x2, Banshee  
  85  9:44  Command Center, Armory  
  85  9:45  Supply Depot  
  92  9:54  Marauder  
  94  10:05  Hellion  
  94  10:06  Banshee x2, Cyclone  
  101  10:08  Supply Depot, Refinery  
  101  10:13  Refinery  
  101  10:16  Orbital Command  
  101  10:29  Banshee  
  101  10:30  Marauder, Banshee, Concussive Shells  
  109  10:45  Supply Depot  
  109  10:46  Cyclone  
  108  10:51  Marauder  
  108  10:55  Banshee x2  
  116  11:08  Supply Depot  
  116  11:18  Orbital Command  
  116  11:19  Cyclone  
  116  11:21  Terran Vehicle And Ship Armor Level 1  
  116  11:22  Terran Ship Weapons Level 1  
  121  11:33  Marauder  
  115  11:51  Cyclone  
  117  11:54  Marauder  
  107  12:15  Marauder  
  107  12:16  Banshee x4  
  116  12:23  Cyclone  
  99  12:37  Marauder  
  77  12:52  Factory Tech Lab  
  77  12:55  Siege Tank  
  82  12:58  Marauder  
  82  12:59  Banshee  
  82  13:00  Factory  
  82  13:03  SCV  
  86  13:15  SCV  
  86  13:17  Banshee x3  
  98  13:20  Marauder  
  98  13:21  Supply Depot  
  98  13:27  SCV, Siege Tank  
  102  13:39  SCV  
  103  13:41  Banshee  
  103  13:44  Supply Depot  
  106  13:51  SCV  
  107  13:59  Siege Tank  
  107  14:00  Banshee x3  
  116  14:03  SCV  
  116  14:08  Supply Depot  
  111  14:24  Banshee  
  111  14:26  Factory Tech Lab  
  111  14:29  Thor  
  111  14:31  Thor  
  120  14:32  Supply Depot  
  120  14:35  Terran Vehicle Weapons Level 1  
  123  15:12  Thor  
  123  15:14  Thor  
Show
View Real Time Build Order
Export as new Build Order

quasar Protoss 

Build Orders: Carriers 

Get SALT Encoding   

  12  0:01  Probe  
  13  0:13  Probe  
  14  0:24  Pylon  
  14  0:26  Probe  
  15  0:38  Probe  
  16  0:44  Gateway  
  16  0:48  Probe  
  16  0:49  Assimilator  
  16  0:55  Assimilator  
  17  1:14  Probe  
  18  1:22  Probe  
  19  1:32  Probe  
  19  1:34  Cybernetics Core  
  20  1:41  Pylon, Zealot  
  22  2:08  Zealot  
  22  2:13  Stargate  
  24  2:57  Void Ray  
  28  3:10  Nexus  
  28  3:15  Assimilator  
  28  3:19  Protoss Air Weapons Level 1, Assimilator  
  28  3:35  Stargate  
  28  3:38  Pylon  
  24  4:22  Stargate  
  24  4:25  Void Ray x2  
  24  4:27  Probe  
  33  4:39  Probe  
  33  4:41  Probe  
  35  4:49  Probe  
  35  4:51  Probe  
  36  4:59  Probe  
  37  5:03  Probe  
  39  5:16  Probe  
  36  5:29  Void Ray x2  
  44  6:04  Stargate  
  44  6:12  Stargate  
  44  6:21  Probe  
  45  6:29  Probe  
  45  6:34  Void Ray  
  45  6:38  Probe  
  51  6:50  Probe  
  52  6:58  Nexus  
  52  7:02  Probe  
  52  7:03  Assimilator  
  52  7:07  Assimilator  
  53  7:14  Probe  
  54  7:30  Pylon  
  54  7:31  Pylon  
  54  7:48  Probe x2  
  56  8:00  Probe x2  
  58  8:12  Probe x2  
  60  8:24  Probe x2  
  50  10:17  Void Ray x2  
  50  10:18  Void Ray x3  
  70  10:32  Probe  
  71  10:44  Probe  
  72  10:56  Probe  
  73  11:00  Void Ray x3  
  73  11:01  Void Ray x2  
  85  11:21  Pylon  
  85  11:22  Pylon  
  85  11:30  Pylon  
  85  11:31  Pylon  
  85  11:33  Pylon  
  85  11:34  Pylon  
  85  11:37  Void Ray x2  
  85  11:38  Void Ray  
  85  11:39  Probe x2  
  87  11:41  Void Ray, Fleet Beacon  
  87  11:42  Void Ray  
  87  11:45  Cybernetics Core  
  99  11:51  Probe x2  
  109  12:03  Probe  
  110  12:16  Void Ray x3, Probe  
  110  12:21  Void Ray  
  123  12:28  Probe  
  133  12:58  Carrier  
  133  13:02  Carrier  
  133  13:04  Carrier  
  133  13:05  Carrier  
  70  15:13  Carrier x3  
  58  15:14  Carrier  
Show
View Real Time Build Order
Export as new Build Order

MrFercho Zerg 

Build Orders: Hatch First 

Get SALT Encoding   

  12  0:01  Drone  
  13  0:13  Overlord  
  13  0:17  Drone  
  14  0:31  Drone x2  
  16  0:56  Drone x2  
  18  1:10  Extractor, Hatchery  
  16  1:12  Drone  
  17  1:20  Spawning Pool, Drone  
  17  1:26  Drone  
  17  1:30  Drone  
  19  1:46  Drone  
  20  1:52  Overlord  
  20  2:06  Queen  
  22  2:09  Overlord  
  22  2:11  Drone  
  23  2:29  Drone x2  
  25  2:31  Queen  
  27  2:37  Zergling x2  
  27  2:38  Zergling x2  
  27  2:39  Metabolic Boost  
  29  2:53  Lair  
  29  2:57  Drone x3  
  29  2:58  Drone  
  33  3:05  Drone  
  34  3:08  Drone  
  34  3:10  Queen  
  37  3:22  Drone  
  37  3:23  Baneling Nest, Drone  
  38  3:27  Evolution Chamber  
  38  3:28  Drone x4  
  41  3:45  Spore Crawler  
  41  3:46  Spine Crawler  
  38  4:08  Queen  
  39  4:14  Zergling x8  
  43  4:18  Overlord x3  
  43  4:27  Zerg Melee Weapons Level 1  
  43  4:38  Extractor, Drone x5  
  43  4:39  Extractor  
  46  4:48  Baneling x3  
  46  4:50  Zergling x6  
  48  5:10  Spore Crawler  
  47  5:24  Queen  
  49  5:36  Centrifical Hooks  
  49  5:55  Hydralisk Den  
  48  5:58  Spore Crawler  
  47  6:07  Spore Crawler  
  47  6:08  Drone x2  
  43  6:48  Zergling x8, Hydralisk x3  
  53  7:03  Drone x6  
  53  7:05  Overlord x3  
  59  7:11  Hatchery  
  58  7:18  Drone  
  58  7:19  Overlord x3  
  59  7:28  Hatchery  
  59  7:29  Hatchery  
  57  7:31  Drone  
  57  7:32  Drone  
  57  7:36  Drone x2  
  61  7:48  Hydralisk  
  61  7:49  Hydralisk  
  65  7:59  Muscular Augments  
  65  8:04  Extractor  
  64  8:06  Drone x4  
  64  8:07  Drone  
  67  8:33  Hatchery  
  65  8:53  Hatchery  
  64  8:56  Hydralisk x12  
  64  8:58  Overlord x3  
  88  9:09  Hydralisk x2  
  91  9:11  Grooved Spines  
  76  9:44  Hydralisk x5  
  81  9:57  Spore Crawler  
  71  11:09  Zergling x4  
  71  11:10  Zergling x34  
  90  11:24  Drone x5  
  90  11:25  Drone x4  
  73  12:04  Zergling x40  
  73  12:05  Zergling x10  
  73  12:07  Baneling x14  
  98  12:23  Hydralisk x5  
  98  12:24  Hydralisk x3  
  95  12:47  Hydralisk x5  
  105  12:51  Drone x2  
  105  12:52  Drone  
  105  12:55  Drone  
  109  13:00  Zerg Missile Weapons Level 1  
  52  13:43  Hydralisk x6  
  58  14:11  Hydralisk  
  56  14:48  Baneling x5  
  56  14:49  Baneling x7  
Show
View Real Time Build Order
Export as new Build Order

tigro Terran 

Build Orders: 2 Factory 

Get SALT Encoding   

  12  0:02  SCV  
  13  0:14  SCV  
  14  0:26  SCV  
  15  0:29  Supply Depot  
  15  0:35  Refinery  
  15  0:50  SCV  
  16  0:59  Barracks  
  16  1:02  Refinery  
  16  1:03  SCV  
  17  1:15  SCV  
  18  1:27  SCV  
  19  1:39  SCV  
  20  1:47  Supply Depot, Marine  
  20  1:51  SCV  
  22  2:03  SCV  
  23  2:09  Marine  
  23  2:10  Supply Depot  
  23  2:11  Factory  
  24  2:20  Orbital Command  
  24  2:26  Marine  
  25  2:44  Marine  
  25  2:51  SCV  
  27  2:56  Factory  
  27  3:02  Marine, Factory Tech Lab  
  27  3:03  SCV  
  29  3:20  Command Center  
  29  3:24  Siege Tank  
  30  4:27  Factory Tech Lab  
  30  4:34  Refinery  
  30  4:36  Armory  
  30  4:40  Barracks Tech Lab  
  30  4:50  SCV  
  31  5:03  SCV  
  32  5:07  Marine  
  30  5:15  SCV  
  31  5:24  Engineering Bay  
  31  5:25  Marine  
  31  5:27  SCV  
  33  5:31  Terran Vehicle Weapons Level 1  
  33  5:35  Thor  
  33  5:36  Thor  
  33  5:39  SCV  
  46  5:43  Marine  
  47  5:51  SCV  
  47  5:54  Refinery  
  48  5:57  Combat Shield  
  48  6:01  Marine  
  48  6:03  SCV  
  50  6:10  Starport  
  46  6:19  Marine  
  42  6:48  Planetary Fortress  
  42  7:06  Terran Infantry Weapons Level 1  
  42  7:16  Stimpack  
  42  7:17  Starport Tech Lab  
  42  7:19  Missile Turret  
  42  7:24  SCV  
  42  7:26  Terran Vehicle And Ship Armor Level 1  
  43  7:36  SCV  
  44  7:37  Siege Tank  
  44  7:41  Missile Turret  
  47  7:48  SCV  
  48  7:53  Marine  
  49  8:00  SCV  
  50  8:11  Marine  
  51  8:13  SCV  
  52  8:20  Missile Turret  
  52  8:29  Marine  
  53  8:43  Missile Turret  
  53  8:47  Marine  
  54  8:57  SCV  
  54  9:01  Terran Infantry Armor Level 1  
  55  9:05  Marine  
  55  9:08  Missile Turret  
  55  9:09  SCV  
  57  9:20  Terran Ship Weapons Level 1  
  57  9:21  SCV  
  57  9:22  Marine  
  58  9:33  SCV  
  56  9:40  Marine  
  57  9:46  SCV  
  58  9:58  Marine  
  59  10:11  Missile Turret  
  59  10:16  Marine  
  60  10:34  Marine  
  60  10:35  Thor, Missile Turret  
  61  10:37  Thor  
  73  10:52  Marine  
  73  10:55  Hi-Sec Auto Tracking, Missile Turret  
  74  11:09  Marine  
  75  11:14  Terran Vehicle Weapons Level 2  
  75  11:18  Missile Turret  
  75  11:27  Marine  
  76  11:51  Terran Infantry Weapons Level 2  
  75  12:20  Marine  
  74  12:28  Supply Depot  
  67  12:49  Marine  
  68  12:51  Supply Depot  
  68  12:53  Command Center  
  68  13:05  Thor  
  74  13:07  Marine  
  75  13:13  Thor  
  75  13:15  Medivac  
  83  13:25  Marine  
  84  13:29  Terran Vehicle And Ship Armor Level 2  
  84  13:43  Marine  
  85  13:59  Thor  
  85  14:01  Thor  
  85  14:07  Neosteel Armor  
  78  14:16  Marine  
  56  14:34  Marine  
  53  14:42  Thor  
  53  14:44  Thor  
  61  14:51  Marine  
  62  14:56  Banshee  
  59  15:09  Marine  
  54  15:25  Thor  
  54  15:27  Thor, Marine  
  67  15:39  Viking  
  55  16:14  Marine  
Tags
 
Add a new tag
Caveats
  • Supply blocks, unpowered buildings, or Contaminate may cause inaccurate times.
  • Supply counts are checked every 10 seconds.